 Dungeon Crawl Stone Soup version 0.31-a0-161-gb58dd9be76 (webtiles) character file.

Game seed: 9615224361959760871

387 qw the Shooter (level 6, -7/38 HPs)
             Began as a Gargoyle Hunter on June 12, 2023.
             Mangled by an ogre
             ... wielding a +0 giant club
              (16 damage)
             ... on level 3 of the Dungeon.
             The game lasted 00:01:01 (2159 turns).

qw the Shooter (Gargoyle Hunter)                    Turns: 2159, Time: 00:01:01

Health: -7/38      AC:  7    Str: 15    XL:     6   Next: 78%
Magic:  6/6        EV: 12    Int:  9    God:
Gold:   181        SH:  0    Dex: 15    Spells: 5/5 levels left

rFire   . . .        Y - +1 shortbow
rCold   . . .        (shield currently unavailable)
rNeg    + . .        c - +0 leather armour
rPois   inf          (no helmet)
rElec   +            (no cloak)
rCorr   .            (no gloves)
SInv    .            (no boots)
Will    .....        h - amulet of regeneration
Stlth   ++           (no ring)
HPRegen 1.06/turn    (no ring)
MPRegen 0.10/turn

%: no passive effects
@: about to teleport
A: sickness immunity, AC +4, negative energy resistance 1, electricity
resistance, torment resistance 1, petrification resistance
a: no special abilities


You were on level 3 of the Dungeon.
You visited 1 branch of the dungeon, and saw 4 of its levels.

You collected 181 gold pieces.


Innate Abilities, Weirdness & Mutations

You are immune to sickness and miasma.
Your stone body is resilient. (AC +4)
You are immune to poison.
You resist negative energy. (rN+)
You are resistant to electric shocks. (rElec)
You are resistant to unholy torment.
You are immune to petrification.


   Skills:
 - Level 4.1 Fighting
 + Level 7.0 Ranged Weapons
 - Level 2.0 Dodging
 - Level 1.1 Stealth


You had 5 spell levels left.
You didn't know any spells.
Your spell library was empty.

Inventory:

Hand Weapons
 Y - a +1 shortbow (weapon)
Armour
 c - a +0 leather armour (worn)
Jewellery
 h - an amulet of regeneration (around neck)
Scrolls
 a - a scroll of identify
 b - a scroll of enchant armour
Potions
 d - a potion of heal wounds
 e - a potion of curing
 f - a potion of mutation
 g - a potion of might
 i - a potion of haste

Dungeon Overview and Level Annotations

Branches:
Dungeon (4/15)
 Temple: D:4-7

Altars:
Gozag
Makhleb
Xom


Message History

You shoot an arrow. The arrow hits the iguana!
You kill the iguana!
Your Dodging skill increases to level 2!
You start resting.
HP restored.
Done exploring.
(D) Dungeon
Where to? (* - list waypoints, Enter - D:4, ? - help)
What level of the Dungeon? (default 1, ? - help)
You climb downwards.
The kobold hits you with a +0 whip.
There is a stone staircase leading up here.
2152 ||| STAIRDANCE The hobgoblin barely misses you.
The ogre closely misses you. The kobold misses you.
You climb upwards.
There is a stone staircase leading down here.
You shoot an arrow. The arrow hits the ogre!
The ogre is moderately wounded.
The kobold hits you but does no damage. The hobgoblin hits you.
The ogre barely misses you.
You shoot an arrow. The arrow barely misses the ogre.
The kobold misses you. The hobgoblin hits you.
You shoot an arrow. The arrow completely misses the ogre.
The kobold closely misses you. The hobgoblin hits you.
The ogre barely misses you.
You shoot an arrow. The arrow hits the ogre!
The ogre is heavily wounded.
The kobold barely misses you. The hobgoblin barely misses you.
The ogre hits you with a +0 giant club!!
Ouch! That really hurt!
2158 ||| READING scroll of teleportation.
As you read the scroll of teleportation, it crumbles to dust.
You feel strangely unstable. The kobold hits you but does no damage.
The hobgoblin hits you but does no damage.
You shoot an arrow. The arrow hits the ogre!
The ogre is almost dead.
The kobold hits you with a +0 whip. The hobgoblin barely misses you.
The ogre hits you with a +0 giant club!
You die...

# ###############
##..............
#..############# #.##
######
##.#########.....
##O.........#.....
#@g#........#.....
####K##........#.....
#....##........#.....
#..............#.....
#....###.......#.....
#....###.......######
########....#.........#
#
#....................##
#
#....................#
###


You could see an ogre, a hobgoblin and a kobold.

Vanquished Creatures
  Sigmund (D:2)
  An iguana (D:3)
  Natasha (twice) (D:2)
  3 gnolls (D:3)
  5 adders
  2 dart slugs
  5 ball pythons
  5 bats
  4 endoplasms
  6 giant cockroaches
  8 goblins
  6 hobgoblins
  6 jackals (D:1)
  6 quokkas
  3 frilled lizards
  7 kobolds
  2 rats (D:2)
72 creatures vanquished.

Notes
Turn   | Place    | Note
-------+----------+-------------------------------------------
     0 | D:1      | qw the Gargoyle Hunter began the quest for the Orb.
     0 | D:1      | Reached XP level 1. HP: 12/12 MP: 1/1
     0 | D:1      | 0 ||| qw: Version: 0.2-a-29-gc1b59c4
     0 | D:1      | 0 ||| qw: Game counter: 4182
     0 | D:1      | 0 ||| qw: Always use a shield: true
     0 | D:1      | 0 ||| qw: God list: Okawaru
     0 | D:1      | 0 ||| qw: Allow faded altars: false
     0 | D:1      | 0 ||| qw: Do Orc after D:15 true
     0 | D:1      | 0 ||| qw: Do second Lair branch before Depths: true
     0 | D:1      | 0 ||| qw: Lair rune preference: random
     0 | D:1      | 0 ||| qw: Plans: Normal, Zot:1-4, Slime:5, God:TSO, Crypt,
                  | Tomb, Abyss, Pan, Hells, Win
     0 | D:1      | 0 ||| PLANNING D:1-11
    41 | D:1      | Reached XP level 2. HP: 17/17 MP: 2/2
   105 | D:1      | Found a faded altar of an unknown god.
   136 | D:1      | 136 ||| FLEEEEING.
   137 | D:1      | 137 ||| FLEEEEING.
   138 | D:1      | 138 ||| FLEEEEING.
   139 | D:1      | 139 ||| FLEEEEING.
   140 | D:1      | 140 ||| FLEEEEING.
   141 | D:1      | 141 ||| FLEEEEING.
   142 | D:1      | 142 ||| FLEEEEING.
   146 | D:1      | 146 ||| FLEEEEING.
   154 | D:1      | 154 ||| FLEEEEING.
   162 | D:1      | Reached XP level 3. HP: 21/21 MP: 3/3
   195 | D:1      | Reached skill level 5 in Ranged Weapons
   574 | D:1      | 574 ||| READING 2 scrolls labelled WUSICK YLES.
   575 | D:1      | 575 ||| READING scroll labelled NATAKH TUGOSIA.
   578 | D:1      | 578 ||| READING scroll labelled QUTAOFYOKH.
   579 | D:1      | 579 ||| DRINKING 2 metallic silvery potions.
   580 | D:1      | 580 ||| DROPPING scroll of butterflies.
   724 | D:2      | Reached skill level 3 in Fighting
   793 | D:2      | Noticed Sigmund
   802 | D:2      | Killed Sigmund
   803 | D:2      | Reached skill level 6 in Ranged Weapons
   803 | D:2      | Reached XP level 4. HP: 18/28 MP: 4/4
   803 | D:2      | Reached XP level 5. HP: 20/32 MP: 5/5
   997 | D:2      | Noticed Natasha
  1006 | D:2      | Killed Natasha
  1007 | D:2      | Reached XP level 6. HP: 15/37 MP: 6/6
  1382 | D:2      | 1382 ||| READING scroll labelled APPIRO ZOID.
  1383 | D:2      | 1383 ||| DRINKING 2 inky potions.
  1468 | D:2      | Noticed Natasha
  1477 | D:2      | Killed Natasha
  1601 | D:3      | 1601 ||| Stepping ~*~*~tactically~*~*~ (outnumbered).
  1875 | D:3      | Reached skill level 7 in Ranged Weapons
  1934 | D:3      | Found an opulent altar of Gozag.
  1937 | D:3      | Found a shimmering blue altar of Sif Muna.
  1937 | D:3      | Found a shimmering altar of Xom.
  1944 | D:3      | Found a burning altar of Makhleb.
  1944 | D:3      | Found an opulent altar of Gozag.
  1944 | D:3      | Found an iron altar of Okawaru.
  1945 | D:3      | 1945 ||| PLANNING OKAWARU WORSHIP
  1945 | D:3      | 1945 ||| UPGRADING to amulet of regeneration.
  1950 | D:3      | 1950 ||| READING 2 scrolls labelled MOURER TODUN.
  1951 | D:3      | 1951 ||| READING scroll labelled QOSIMAD AMP.
  1952 | D:3      | 1952 ||| READING scroll labelled WYOMMO ZODGH.
  1953 | D:3      | 1953 ||| READING 3 scrolls labelled RYEPYCOWNU.
  1954 | D:3      | 1954 ||| READING 3 scrolls of identify.
  1954 | D:3      | 1954 ||| IDENTIFYING fuming brown potion
  1955 | D:3      | 1955 ||| READING 2 scrolls of identify.
  1955 | D:3      | 1955 ||| IDENTIFYING murky puce potion
  1956 | D:3      | 1956 ||| DROPPING 2 scrolls of fear.
  1964 | D:3      | 1964 ||| PLANNING D:1-11
  2131 | D:4      | 2131 ||| STAIRDANCE
  2152 | D:4      | 2152 ||| STAIRDANCE
  2157 | D:3      | HP: 9/38 [ogre/+0 giant club (23)]
  2158 | D:3      | 2158 ||| READING scroll of teleportation.
  2159 | D:3      | Mangled by an ogre

Levels and vault maps discovered:
D:1:      scummos_arrival_checkerplants, layout_rooms,
          hellmonk_ecumenical_altar_pennies_from_heaven
D:2:      layout_basic, nicolae_concentric_dashed_squares_mild, uniq_sigmund,
          uniq_natasha
D:3:      layout_basic, doesnt_xom_only_xom, nicolae_kite_square_tiling_tiny,
          minmay_circle_x
D:4:      minmay_opposing_rooms, layout_cave_pools, nicolae_ashenzari_skybound,
          nemelex_diamond_rough_becter, st_stairs_11

Skill      XL: |  1  2  3  4  5  6 |
---------------+-------------------+-----
Ranged Weapons | 6 7 |  7.0
Fighting       | 3 4 |  4.1
Dodging        | 2 |  2.0
Stealth        | |  1.1

Action                     |  1- 3 |  4- 6 || total
---------------------------+-------+-------++-------
   Fire: Shortbow          |   114 |   122 ||   236
    Use: Scroll            |     3 |     8 ||    11
         Potion            |     1 |     1 ||     2
 Armour: Leather armour    |    30 |    35 ||    65
  Dodge: Dodged            |    53 |    77 ||   130

Table legend:
 A = Non-vault XP
 B = Vault XP
 C = Vault XP percentage of total XP
 D = Non-vault monster count
 E = Vault monster count
 F = Vault count percentage of total count
                 A         B        C        D         E       F
            +---------+---------+-------+---------+---------+-------
      Total |     220 |     333 |  60.2 |      64 |       8 |  11.1
            +---------+---------+-------+---------+---------+-------
        D:1 |      64 |       0 |   0.0 |      34 |       0 |   0.0
        D:2 |      75 |     261 |  77.7 |      13 |       2 |  13.3
        D:3 |      79 |      72 |  47.7 |      16 |       6 |  27.3
        D:4 |       2 |       0 |   0.0 |       1 |       0 |   0.0
            +---------+---------+-------+---------+---------+-------
